 Dungeon Crawl Stone Soup version 0.25-a0-865-gd392131cc7 (webtiles) character file.

Game seed: 5780436158915439938, levelgen mode: deterministic

93 Mrkan the Shield-Bearer (level 4, -1/40 HPs)
             Began as a Minotaur Fighter on Apr 29, 2020.
             Killed from afar by Sigmund (5 damage)
             ... with a puff of flame
             ... on level 2 of the Dungeon.
             The game lasted 00:02:09 (692 turns).

Mrkan the Shield-Bearer (Minotaur Fighter)           Turns: 692, Time: 00:02:10

Health: -1/40      AC:  7    Str: 22    XL:     4   Next: 37%
Magic:  3/3        EV:  7    Int:  5    God:
Gold:   76         SH:  0    Dex:  9    Spells: 3/3 levels left

rFire    . . .     SeeInvis .   a - +0 war axe
rCold    . . .     Gourm    .   c - +0 kite shield
rNeg     . . .     Faith    .   b - +0 scale mail
rPois    .         Spirit   .   (helmet restricted)
rElec    .         Reflect  .   (no cloak)
rCorr    .         Harm     .   (no gloves)
MR       .....                  (no boots)
Stlth    ..........             (no amulet)
HPRegen  0.13/turn              (no ring)
MPRegen  0.08/turn              (no ring)

@: confused, mighty
A: retaliatory headbutt, horns 2
a: no special abilities


You were on level 2 of the Dungeon.
You were not hungry.

You visited 1 branch of the dungeon, and saw 2 of its levels.

You collected 76 gold pieces.

Inventory:

Hand Weapons
 a - a +0 war axe (weapon)
 p - a +0 morningstar
Armour
 b - a +0 scale mail (worn)
 c - a +0 kite shield (worn)
Jewellery
 i - a +4 amulet of reflection {unknown}
 j - a cursed ring of attention {unknown}
 q - an uncursed ring of fire {unknown}
Wands
 r - a wand of flame (22)
Scrolls
 e - 3 scrolls of remove curse {unknown}
 h - a scroll of identify {unknown}
 k - a scroll of random uselessness {unknown}
 m - a scroll of enchant weapon {unknown}
 n - a scroll of teleportation {unknown}
Potions
 g - a potion of magic {unknown}
 l - a potion of invisibility {unknown}
Comestibles
 f - 5 rations
 o - 2 chunks of flesh


   Skills:
 + Level 4.2 Fighting
 * Level 4.0 Axes
 + Level 4.2 Armour
 + Level 4.3 Shields


You had 3 spell levels left.
You didn't know any spells.
Your spell library was empty.

Dungeon Overview and Level Annotations

Branches:
Dungeon (2/15)

Altars:
Elyvilon

Annotations:
D:2 Sigmund


Innate Abilities, Weirdness & Mutations

You reflexively headbutt those who attack you in melee.
You have a pair of horns on your head.


Message History

You closely miss Sigmund. Your headbutt misses Sigmund.
Sigmund is moderately wounded.
You hit the giant cockroach but do no damage.
Sigmund hits you with a +0 scythe. The giant cockroach closely misses you.
Sigmund gestures at you while chanting. The puff of flame hits you!
* * * LOW HITPOINT WARNING * * *
Sorry, you're not good enough to have a special ability.
You feel very mighty all of a sudden.
The giant cockroach bites you but does no damage.
Sigmund hits you with a +0 scythe!
* * * LOW HITPOINT WARNING * * *
The giant cockroach barely misses you.
You miss Sigmund.
Sigmund is moderately wounded.
You closely miss the giant cockroach.
Sigmund giggles. "Time to reap what you sow."
Sigmund gestures at you while chanting. The puff of flame hits you.
You die...

.. ....
.[..#############
..)...s.........#
...#.#@#.#.#.#.#
......@.........#
......⌠.....⌠...#
........._.......
......⌠.....⌠....
.........).......
.......#.#.#.#.#.#..
....................
......#######.######.


You could see Sigmund and a giant cockroach.

Vanquished Creatures
  Terence (D:2)
  An adder (D:2)
  A gnoll (D:1)
  2 dart slugs (D:1)
  A ball python (D:1)
  A giant cockroach (D:1)
  6 goblins
  3 hobgoblins
  4 jackals (D:1)
  A quokka (D:2)
  6 bats
  6 frilled lizards
  8 kobolds
  4 rats
45 creatures vanquished.

Notes
Turn   | Place    | Note
-------+----------+-------------------------------------------
     0 | D:1      | Mrkan the Minotaur Fighter began the quest for the Orb.
     0 | D:1      | Reached XP level 1. HP: 19/19 MP: 0/0
    40 | D:1      | Reached XP level 2. HP: 22/27 MP: 1/1
   192 | D:1      | Reached XP level 3. HP: 26/33 MP: 2/2
   611 | D:2      | Noticed Terence
   621 | D:2      | Killed Terence
   621 | D:2      | Reached XP level 4. HP: 37/40 MP: 3/3
   674 | D:2      | Found a white marble altar of Elyvilon.
   679 | D:2      | Noticed Sigmund
   692 | D:2      | Killed from afar by Sigmund

Levels and vault maps discovered:
D:1:      lightli_arrival_noodles, layout_rooms, hangedman_decor_peaks_small,
          minmay_small_reverse_x
D:2:      minmay_general_purpose_star, layout_rooms, first_ration,
          elyvilon_altar_5, uniq_sigmund, uniq_terence

Skill      XL: |  1  2  3 |
---------------+----------+-----
Axes           | 3 4 |  4.0
Fighting       | 4 |  4.2
Armour         | 4 |  4.2
Shields        | 4 |  4.3

Action                   |  1- 3 |  4- 6 || total
-------------------------+-------+-------++-------
Melee: War axe           |    72 |    12 ||    84
       Headbutt          |    19 |     2 ||    21
  Use: Potion            |       |     1 ||     1
Armor: Scale mail        |    51 |     5 ||    56
Dodge: Dodged            |    22 |     4 ||    26
Block: Kite shield       |    47 |     7 ||    54

Table legend:
 A = Non-vault XP
 B = Vault XP
 C = Vault XP percentage of total XP
 D = Non-vault monster count
 E = Vault monster count
 F = Vault count percentage of total count
                 A         B        C        D         E       F
            +---------+---------+-------+---------+---------+-------
      Total |      77 |      57 |  42.5 |      37 |       8 |  17.8
            +---------+---------+-------+---------+---------+-------
        D:1 |      67 |       4 |   5.6 |      30 |       4 |  11.8
        D:2 |      10 |      53 |  84.1 |       7 |       4 |  36.4
            +---------+---------+-------+---------+---------+-------
